 Dungeon Sprint DCSS version 0.22-a0-373-gab1296c (webtiles) character file.

128 emperorscorpion the Archer (level 4, -4/38 HPs)
             Began as a Centaur Hunter on Apr 25, 2018.
             Was an Initiate of Trog.
             Slain by a two-headed ogre
             ... wielding a +0 giant club
              (20 damage)
             ... in the Dungeon (Sprint IX: "|||||||||||||||||||||||||||||").
             The game lasted 00:01:48 (190 turns).

emperorscorpion the Archer (Centaur Hunter)          Turns: 190, Time: 00:01:49

Health: -4/38      AC: 10    Str: 14    XL:     4   Next: 87%
Magic:  4/4        EV:  6    Int: 13    God:    Trog [......]
Gold:   0          SH:  0    Dex: 11    Spells: 3/3 levels left

rFire    . . .     SeeInvis .   b - +2 halberd (venom)
rCold    . . .     Gourm    .   (shield currently unavailable)
rNeg     . . .     Faith    .   u - +1 chain mail
rPois    .         Spirit   .   s - +0 helmet
rElec    .         Reflect  .   t - +0 cloak
rCorr    .         Harm     .   (no gloves)
MR       .....     NoTele   +   (no barding)
Stlth    ..........             (no amulet)
HPRegen  0.12/turn              v - +3 ring of intelligence
MPRegen  0.09/turn              w - +2 ring of evasion

@: very quick
A: large, hooves 3, deformed body, speed 2, tough skin 3
a: Renounce Religion


You were in the Dungeon.
You worshipped Trog.
Trog was noncommittal.
You were not hungry.

You visited 1 branch

Inventory:

Hand Weapons
 a - a +1 shortbow
 b - a +2 halberd of venom (weapon)
 p - a +0 short sword
 q - a +2 rapier of venom
 r - the +1 broad axe of Hepliaklqana's Scorn {flame, MR+ Int+4}
   (You found it in the Dungeon)

   It has been specially enchanted to burn those struck by it, causing extra
   injury to most foes and up to half again as much damage against particularly
   susceptible opponents.
   Big, fiery blades are also staple armaments of hydra-hunters.
   It affects your intelligence (+4).
   It affects your resistance to hostile enchantments.
Missiles
 d - 2 arrows
Armour
 c - a +0 leather armour
 s - a +0 helmet (worn)
 t - a +0 cloak (worn)
 u - a +1 chain mail (worn)
Magical Staves
 o - an uncursed staff of energy
Jewellery
 v - a +3 ring of intelligence (left hand)
 w - a +2 ring of evasion (right hand)
Wands
 n - a wand of acid (9)
Scrolls
 k - 2 scrolls of blinking
 m - 3 scrolls of remove curse
Potions
 e - 5 potions of curing
 g - 3 potions of heal wounds
 h - a potion of haste
 i - 4 potions of magic
 j - a potion of invisibility
Comestibles
 f - a ration
 l - a chunk of flesh


   Skills:
 + Level 3.2 Fighting
 - Level 2.1 Short Blades
 + Level 11.7 Bows
 + Level 0.4 Armour
 + Level 2.8 Dodging
 + Level 0.5 Stealth


You had 3 spell levels left.
You didn't know any spells.

Dungeon Overview and Level Annotations

Branches:
Dungeon (1/1)

Altars:
Cheibriados
Dithmenos
Elyvilon
Fedhas
Gozag
Hepliaklqana
Kikubaaqudgha
Makhleb
Nemelex Xobeh
Okawaru
Qazlal
Ru
Sif Muna
Trog
Uskayaw
Vehumet
Wu Jian
Xom
Yredelemnul
Zin
The Shining One
Beogh
Jiyva
Lugonu


Innate Abilities, Weirdness & Mutations

You have hooves in place of feet.
Armour fits poorly on your strangely shaped body.
You cover ground very quickly.
You have extremely tough skin. (AC +3)


Message History

The two-headed ogre is almost dead.
There is an open door to the Dungeon here.
You see here a stone.
There is a staircase leading out of the dungeon here.
Firing (i - inventory)
d - 3 arrows (quivered)
Press: ? - help, Shift-Dir - straight line, f/p - two-headed ogre
Aim: a two-headed ogre, wielding a giant club and a giant spiked club (almost dead)
You shoot an arrow.
The arrow barely misses the two-headed ogre.
The arrow hits the ice beast!
The ice beast is moderately wounded.
Your +2 halberd of venom begins to drip with poison!
b - a +2 halberd of venom (weapon)
Okay, then.
You hit the two-headed ogre.
The two-headed ogre is poisoned.
The two-headed ogre is almost dead.
The two-headed ogre hits you with a giant club!
The two-headed ogre hits you with a giant spiked club!!
Ouch! That really hurt!
You die...

▓▓▓
▓@▓
▓O▓
▓.▓
▓(▓
▓'▓
▓Y▓
▓n▓
▓(▓
▓(▓


You could see a two-headed ogre, an ice beast and a necrophage.

Vanquished Creatures
  An ogre (D)
  An orc wizard (D)
  2 orcs (D)
  A bat (D)
  A bat skeleton (D)
  2 goblins (D)
  A jackal (D)
  A kobold (D)
  A leopard gecko zombie (D)
11 creatures vanquished.

Notes
Turn   | Place    | Note
-------+----------+-------------------------------------------
     0 | D        | emperorscorpion the Centaur Hunter began the quest for the Orb.
     0 | D        | Reached XP level 1. HP: 17/17 MP: 1/1
     6 | D        | Reached skill level 6 in Bows
    21 | D        | Reached skill level 7 in Bows
    25 | D        | Noticed an ogre
    26 | D        | Reached XP level 2. HP: 24/24 MP: 2/2
    32 | D        | Killed an ogre
    32 | D        | Reached skill level 11 in Bows
    32 | D        | Reached XP level 3. HP: 12/31 MP: 3/3
    32 | D        | Reached XP level 4. HP: 15/38 MP: 4/4
    46 | D        | Found a roughly hewn altar of Beogh.
    46 | D        | Found a snail-covered altar of Cheibriados.
    46 | D        | Found a shadowy altar of Dithmenos.
    46 | D        | Found a white marble altar of Elyvilon.
    46 | D        | Found a blossoming altar of Fedhas.
    46 | D        | Found an opulent altar of Gozag.
    47 | D        | Found a hazy altar of Hepliaklqana.
    48 | D        | Found a viscous altar of Jiyva.
    49 | D        | Found an ancient bone altar of Kikubaaqudgha.
    50 | D        | Found a corrupted altar of Lugonu.
    51 | D        | Found a burning altar of Makhleb.
    52 | D        | Found a sparkling altar of Nemelex Xobeh.
    53 | D        | Found an iron altar of Okawaru.
    54 | D        | Found a stormy altar of Qazlal.
    55 | D        | Found a sacrificial altar of Ru.
    56 | D        | Found a deep blue altar of Sif Muna.
    57 | D        | Found a bloodstained altar of Trog.
    58 | D        | Found a hide-covered altar of Uskayaw.
    59 | D        | Found a radiant altar of Vehumet.
    60 | D        | Found an ornate altar of the Wu Jian Council.
    61 | D        | Found a shimmering altar of Xom.
    62 | D        | Found a basalt altar of Yredelemnul.
    63 | D        | Found a glowing silver altar of Zin.
    64 | D        | Found a glowing golden altar of the Shining One.
    65 | D        | Became a worshipper of Trog the Wrathful
    84 | D        | Got the +1 broad axe of Hepliaklqana's Scorn {flame, MR+ Int+4}
   118 | D        | Noticed a two-headed ogre
   118 | D        | Noticed an ice beast
   118 | D        | Noticed a necrophage
   190 | D        | Slain by a two-headed ogre

Vault maps used:
D:        linesprint

Skill      XL: |  1  2 |
---------------+-------+-----
Bows           | 7 11 | 11.7
Fighting       | 3 |  3.2
Short Blades   | 2 |  2.1
Dodging        | 2 |  2.8
Armour         | |  0.4
Stealth        | |  0.5

Action                   |  1- 3 |  4- 6 || total
-------------------------+-------+-------++-------
Melee: Short sword       |    18 |     7 ||    25
       Kick              |     4 |     1 ||     5
       Halberd           |       |     1 ||     1
 Fire: Shortbow          |       |    18 ||    18
Evoke: Wand              |       |     1 ||     1
  Use: Potion            |     1 |       ||     1
Armor: Leather armour    |    13 |     1 ||    14
Dodge: Dodged            |     9 |     2 ||    11

Table legend:
 A = Spawn XP
 B = Non-spawn XP
 C = Spawn XP percentage of total XP
 D = Spawn monster count
 E = Non-spawn monster count
 F = Spawn count percentage of total count
 G = Total turns spent on level
                    A         B        C        D         E        F      G
               +---------+---------+-------+---------+---------+-------+---------
         Total |       0 |     184 |   0.0 |       0 |      11 |   0.0 |   190
               +---------+---------+-------+---------+---------+-------+---------
             D |       0 |     184 |   0.0 |       0 |      11 |   0.0 |   190
               +---------+---------+-------+---------+---------+-------+---------
